 Dungeon Crawl Stone Soup version 0.19-a0-1254-gb9c29c0 (webtiles) character file.

72 Duffy the Slasher (level 4, -7/35 HPs)
             Began as a Demonspawn Monk on Aug 27, 2016.
             Mangled by a gnoll
             ... wielding a +2 halberd of protection
              (12 damage)
             ... on level 1 of the Dungeon.
             The game lasted 00:02:10 (2083 turns).

Duffy the Slasher (Demonspawn Monk)                 Turns: 2083, Time: 00:02:10

Health: -7/35      AC:  9    Str: 11    XL:     4   Next: 7%
Magic:  4/4        EV:  7    Int: 12    God:
Gold:   52         SH:  0    Dex: 16    Spells: 0 memorised, 3 levels left

rFire  . . .     SeeInvis +     a - +0 falchion
rCold  . . .     Gourm    .     k - +0 chain mail
rNeg   . . .     Faith    .     (no shield)
rPois  .         Spirit   .     (no helmet)
rElec  .         Dismiss  .     g - +0 cloak
rCorr  .         Reflect  .     (no gloves)
MR     .....     Harm     .     (no boots)
Stlth  ..........               n - amulet of inaccuracy (curse)
                                h - ring of see invisible
                                e - +2 ring of evasion

@: no status effects
A: spiny 1
a: no special abilities


You were on level 1 of the Dungeon.
You were not hungry.

You visited 1 branch of the dungeon, and saw 2 of its levels.

You collected 52 gold pieces.

Inventory:

Hand Weapons
 a - a +0 falchion (weapon)
Armour
 b - a +0 robe
 g - a +0 cloak (worn)
 k - a +0 chain mail (worn)
Jewellery
 e - a +2 ring of evasion (left hand)
 h - a ring of see invisible (right hand)
 n - a cursed amulet of inaccuracy (around neck)
Scrolls
 d - a scroll of enchant weapon
 i - a scroll of magic mapping {unknown}
Potions
 l - 2 potions of flight
Comestibles
 c - a bread ration


   Skills:
 - Level 3.0 Fighting
 + Level 4.5 Long Blades
 - Level 2.6 Dodging
 - Level 1.7 Stealth


You had 3 spell levels left.
You didn't know any spells.

Dungeon Overview and Level Annotations

Branches:
Dungeon (2/15)

Altars:


Innate Abilities, Weirdness & Mutations

You are partially covered in sharp spines.


Message History

You hit the gnoll.
The gnoll is severely wounded.
The gnoll hits you but does no damage.
You hit the gnoll.
The gnoll is severely wounded.
The gnoll hits you with a halberd of protection.
Your chain mail prevents you from hitting the gnoll.
The gnoll is severely wounded.
The gnoll closely misses you.
You riposte.
You hit the gnoll.
The gnoll is severely wounded.
You hit the gnoll but do no damage.
The gnoll is severely wounded.
The gnoll hits you but does no damage.
You closely miss the gnoll.
The gnoll is severely wounded.
The gnoll hits you with a halberd of protection!
You hit the gnoll but do no damage.
The gnoll is severely wounded.
The gnoll hits you with a halberd of protection!
You die...

#......##.# #
####......##.####
#.....#########..
#.....#.......##.
#.....#.......##.
####(....#.......##.
#......###.......#..
#..g...#.(......^###
#..@...'.#####.###..
#......#### #.#....
##........####......
##.................
#...............##
#...............##
#.......####......
###...### #......
#...######......


You could see a gnoll.

Vanquished Creatures
  A gnoll (D:1)
  2 adders (D:2)
  An ooze (D:1)
  A worm (D:2)
  A dart slug (D:1)
  3 bats
  3 giant cockroaches
  4 goblins
  5 hobgoblins (D:1)
  3 jackals (D:2)
  3 kobolds
  A quokka (D:2)
  5 giant newts
33 creatures vanquished.

Notes
Turn   | Place    | Note
-------+----------+-------------------------------------------
     0 | D:1      | Duffy the Demonspawn Monk began the quest for the Orb.
     0 | D:1      | Reached XP level 1. HP: 18/18 MP: 1/1
    62 | D:1      | Reached skill level 3 in Long Blades
   397 | D:1      | Gained mutation: You are partially covered in sharp spines. [demonic ancestry]
   397 | D:1      | Reached XP level 2. HP: 17/24 MP: 2/2
   747 | D:1      | Reached XP level 3. HP: 24/29 MP: 3/3
  1583 | D:2      | Reached skill level 4 in Long Blades
  1860 | D:2      | Reached XP level 4. HP: 35/35 MP: 4/4
  2083 | D:1      | Mangled by a gnoll

Vault maps used:
D:1:      scummos_arrival_forest, minivault_26, minmay_misc_feat_rows,
          minmay_crystal_room
D:2:      kennysheep_generic_room_4

Skill      XL: |  1  2  3 |
---------------+----------+-----
Long Blades    | 3 4 |  4.5
Fighting       | |  3.0
Dodging        | |  2.6
Stealth        | |  1.7

Action                   |  1- 3 |  4- 6 || total
-------------------------+-------+-------++-------
Melee: Falchion          |   117 |    25 ||   142
  Use: Scroll            |     3 |       ||     3
 Stab: Sleeping          |     4 |       ||     4
  Eat: Chunk             |     2 |       ||     2
       Beef jerky        |     1 |       ||     1
Armor: Robe              |     4 |       ||     4
       Chain mail        |    20 |     9 ||    29
Dodge: Dodged            |    43 |    11 ||    54
